 Dungeon Crawl Stone Soup version 0.29.1-1-gd02db6906a (webtiles) character file.

Game seed: 12028152918929317844

98 Sabo the Gusty (level 4, -6/27 HPs)
             Began as an Octopode Air Elementalist on Oct 4, 2022.
             Was an Initiate of Vehumet.
             Mangled by an orc
             ... wielding a +0 flail
              (10 damage)
             ... on level 3 of the Dungeon on Oct 5, 2022.
             The game lasted 00:18:49 (2592 turns).

Sabo the Gusty (Octopode Air Elementalist)          Turns: 2592, Time: 00:18:50

Health: -6/27      AC:  1    Str:  7    XL:     4   Next: 71%
Magic:  6/7        EV: 17    Int: 19    God:    Vehumet [......]
Gold:   138        SH:  0    Dex: 12    Spells: 3/8 levels left

rFire   . . .      SeeInvis .   e - +0 quarterstaff
rCold   . . .      Faith    .   (shield currently unavailable)
rNeg    . . .      Spirit   .   (helmet restricted)
rPois   .          Reflect  .   i - amulet of magic regeneration
rElec   .          Harm     .   s - +4 ring of evasion
rCorr   .          Rampage  .   (no ring)
Will    .....                   (no ring)
Stlth   +++.......              (no ring)
HPRegen 0.09/turn               (no ring)
MPRegen 0.50/turn               (no ring)
                                (no ring)
                                (no ring)

@: no status effects
A: almost no armour, amphibious, 8 rings, camouflage 1, gelatinous body 1,
(nimble swimmer 1), tentacles
a: Renounce Religion


You were on level 3 of the Dungeon.
You worshipped Vehumet.
Vehumet was noncommittal.
You visited 1 branch of the dungeon, and saw 3 of its levels.

You collected 138 gold pieces.

Inventory:

Hand Weapons
 e - a +0 quarterstaff (weapon)
Missiles
 d - 4 poisoned darts (quivered)
 f - a throwing net
Jewellery
 b - a ring of ice
 i - an amulet of magic regeneration (around mantle)
 s - a +4 ring of evasion (left tentacle)
Scrolls
 g - 2 scrolls of blinking
 h - 2 scrolls of fear
 o - a scroll of acquirement {unknown}
 p - a scroll of teleportation {unknown}
 r - a scroll of poison {unknown}
Potions
 a - a potion of magic
 c - 2 potions of berserk rage {unknown}
 j - a potion of haste {unknown}
 k - 2 potions of cancellation {unknown}
 m - a potion of flight {unknown}
 n - 2 potions of mutation {unknown}
 q - a potion of curing {unknown}


   Skills:
 + Level 2.2 Dodging
 + Level 3.7 Stealth
 + Level 2.6 Spellcasting
 + Level 1.7 Conjurations
 + Level 4.0 Air Magic


You had 3 spell levels left.
You knew the following spells:

 Your Spells              Type           Power      Damage    Failure   Level
a - Shock                 Conj/Air       52%        1d6       4%          1
b - Airstrike             Air            9%         2d(2-18)  28%         4

Your spell library contained the following spells:

 Spells                   Type           Power      Damage    Failure   Level
 Static Discharge         Conj/Air       13%        3-5/arc   7%          2
 Swiftness                Air            18%        N/A       9%          3


Dungeon Overview and Level Annotations

Branches:
Dungeon (3/15)

Altars:
Vehumet


Innate Abilities, Weirdness & Mutations

You cannot wear most types of armour.
You are amphibious.
You can wear up to eight rings at the same time.
Your skin changes colour to match your surroundings (Stealth+).
Your rubbery body absorbs attacks. (AC +1, EV +1)
((You are camouflaged when in or above water. (Stealth+)))
You have tentacles for arms and can constrict up to eight enemies at once.


Message History

Confirm with . or Enter, or press ? or * to list all spells.
You don't know that spell.
The orc attacks as you move away! The orc completely misses you.
You hit the orc.
You kill the orc!
Vehumet accepts your kill.
The orc wizard gestures at you while chanting.
The magic dart hits you!
Casting: Shock (safe; 4% risk of failure)
Confirm with . or Enter, or press ? or * to list all spells.
Aiming: Shock (safe; 4% risk of failure)
Press: ? - help, Shift-Dir - straight line, f - orc wizard
Aim: an orc wizard, wielding a +0 dagger and wearing a +0 robe (60% to hit)
The zap hits the orc wizard.
The orc wizard is moderately wounded.
The zap misses the orc.
The orc wizard casts a spell at you. The puff of flame hits you.
* * * LOW HITPOINT WARNING * * *
Casting: Shock (safe; 4% risk of failure)
Confirm with . or Enter, or press ? or * to list all spells.
Aiming: Shock (safe; 4% risk of failure)
Press: ? - help, Shift-Dir - straight line, f/p - orc wizard
Aim: an orc wizard, wielding a +0 dagger and wearing a +0 robe (moderately wounded, 60% to hit)
The zap hits the orc wizard.
The orc wizard is heavily wounded.
The zap hits the orc.
The orc is moderately wounded.
Casting: Shock (safe; 4% risk of failure)
Confirm with . or Enter, or press ? or * to list all spells.
Aiming: Shock (safe; 4% risk of failure)
Press: ? - help, Shift-Dir - straight line, f/p - orc wizard
Aim: an orc wizard, wielding a +0 dagger and wearing a +0 robe (heavily wounded, 60% to hit)
The zap misses the orc wizard.
The orc hits you with a +0 falchion.
* * * LOW HITPOINT WARNING * * *
You sock the orc wizard!
You kill the orc wizard!
Vehumet accepts your kill. The orc hits you with a +0 flail!
You die...

.#.......# .#######...
.... # .....######
##.... .. ####....##
#.... # ####..# ##...
########.# ####..### . .
...#...#.###<......##...
................oo:.....
.
...............)@.......
.
.........##.............
.
....[....##.............
#
...†....................
...#...###.^............
######## #.#.....†......
#..#............
..#..#.....##...


You could see 2 orcs.

Vanquished Creatures
  An orc wizard (D:3)
  4 gnolls (D:2)
  2 adders
  2 orcs (D:3)
  5 endoplasms
  2 giant cockroaches
  3 hobgoblins
  2 jackals (D:3)
  4 ball pythons
  5 bats
  2 frilled lizards
  4 goblins
  A kobold (D:2)
  4 rats
41 creatures vanquished.

Notes
Turn   | Place    | Note
-------+----------+-------------------------------------------
     0 | D:1      | Sabo the Octopode Air Elementalist began the quest for the
                  | Orb.
     0 | D:1      | Reached XP level 1. HP: 11/11 MP: 3/3
   617 | D:1      | Reached XP level 2. HP: 17/17 MP: 0/5
  1231 | D:2      | Reached XP level 3. HP: 10/21 MP: 1/6
  1455 | D:2      | Reached XP level 4. HP: 27/27 MP: 4/7
  1693 | D:2      | Found a radiant altar of Vehumet.
  1704 | D:2      | Became a worshipper of Vehumet
  2172 | D:2      | Learned a level 4 spell: Airstrike
  2185 | D:3      | Reached skill level 4 in Air Magic
  2328 | D:3      | Found a faded altar of an unknown god.
  2592 | D:3      | Mangled by an orc

Illustrated notes

Levels and vault maps discovered:
D:1:      nzn_arrival_depleted_hourglass, layout_basic
D:2:      layout_basic, basic_altar, hex_large, serial_bayou_pond_d,
          minmay_bisected
D:3:      layout_rooms, ebering_ecumenical_altar_ruins

Skill      XL: |  1  2  3  4 |
---------------+-------------+-----
Stealth        | 3 |  3.7
Air Magic      | 4 |  4.0
Dodging        | |  2.2
Spellcasting   | |  2.6
Conjurations   | |  1.7

Action                   |  1- 3 |  4- 6 || total
-------------------------+-------+-------++-------
Melee: Flail             |       |     6 ||     6
       Quarterstaff      |       |     3 ||     3
       Constrict         |       |     1 ||     1
       Tentacles         |       |     1 ||     1
 Cast: Shock             |    35 |    44 ||    79
  Use: Scroll            |     2 |     1 ||     3
Armor: Skin              |       |     1 ||     1
Dodge: Dodged            |     8 |    16 ||    24
